 Dungeon Crawl Stone Soup version 0.29-a0-459-g97dee8cd24 (webtiles) character file.

Game seed: 14391680804400114219

168 hquester the Skirmisher (level 5, -8/41 HPs)
             Began as a Demonspawn Abyssal Knight on May 20, 2022.
             Was a Believer of Lugonu.
             Killed by divine providence
             ... invoked by an orc priest
              (14 damage)
             ... on level 3 of the Dungeon.
             The game lasted 00:08:41 (2755 turns).

hquester the Skirmisher (Demonspawn Abyssal Knight) Turns: 2755, Time: 00:08:42

Health: -8/41      AC:  5    Str: 13    XL:     5   Next: 24%
Magic:  7/7        EV: 12    Int: 13    God:    Lugonu [**....]
Gold:   133        SH:  0    Dex: 14    Spells: 6/6 levels left

rFire   . . .      SeeInvis .   a - +1 short sword
rCold   . . .      Faith    .   (no shield)
rNeg    . . .      Spirit   .   b - +0 leather armour
rPois   .          Reflect  .   (helmet restricted)
rElec   .          Harm     .   i - +0 cloak
rCorr   .          Rampage  .   g - +0 pair of gloves
Will    .....                   (no boots)
Stlth   +.........              (no amulet)
HPRegen 0.13/turn               m - ring of wizardry
MPRegen 0.20/turn               (no ring)

@: no status effects
A: horns 1, magic regeneration, demonic magic 1
a: Renounce Religion, Depart the Abyss, Bend Space


You were on level 3 of the Dungeon.
You worshipped Lugonu.
Lugonu was pleased with you.
You visited 1 branch of the dungeon, and saw 3 of its levels.
You visited the Abyss 1 time.

You collected 133 gold pieces.

Inventory:

Hand Weapons
 a - a +1 short sword (weapon)
 l - a +0 dagger of venom
Armour
 b - a +0 leather armour (worn)
 g - a +0 pair of gloves (worn)
 i - a +0 cloak (worn)
Jewellery
 m - a ring of wizardry (left hand)
Scrolls
 f - a scroll of poison
Potions
 c - a potion of degeneration {unknown}
 d - a potion of mutation {unknown}
 h - a potion of brilliance {unknown}
 j - a potion of attraction {unknown}
 k - a potion of haste {unknown}


   Skills:
 + Level 3.6 Fighting
 + Level 2.6 Short Blades
 + Level 2.5 Armour
 + Level 2.0 Dodging
 + Level 0.8 Stealth
 + Level 1.0 Spellcasting
 + Level 1.1 Hexes
 - Level 3.3 Invocations


You had 6 spell levels left.
You didn't know any spells.
Your spell library contained the following spells:

 Spells                   Type           Power      Damage    Failure   Level
 Apportation              Tloc           0%         N/A       14%         1
 Necrotize                Necr           0%         1d4       14%         1
 Summon Small Mammal      Summ           0%         N/A       14%         1


Dungeon Overview and Level Annotations

Branches:
Dungeon (3/15)

Altars:
Gozag


Innate Abilities, Weirdness & Mutations

You have a pair of small horns on your head.
You regenerate magic rapidly.
Spells you cast may paralyse adjacent enemies.


Message History

You feel better. The orc wizard misses you.
You hit the orc wizard.
The orc wizard is heavily wounded.
The orc wizard hits you with a +0 dagger.
* * * LOW HITPOINT WARNING * * *
You hit the orc wizard but do no damage.
Your headbutt misses the orc wizard.
The orc wizard is heavily wounded.
The orc wizard points at you and mumbles some strange words.
You are confused.
You completely miss the orc wizard. You headbutt the orc wizard.
The orc wizard is severely wounded.
The orc wizard hits you with a +0 dagger.
* * * LOW HITPOINT WARNING * * *
You bump into the rock wall.
The orc wizard gestures at you while chanting.
You are more confused.
You feel better. The orc wizard casts a spell at you. The magic dart hits you.
You barely miss the orc wizard.
The orc wizard is severely wounded.
The orc wizard gestures at you while chanting.
The magic dart hits you.
* * * LOW HITPOINT WARNING * * *
You hit the orc wizard.
The orc wizard is almost dead.
The orc wizard casts a spell at you. The magic dart hits you.
* * * LOW HITPOINT WARNING * * *
You closely miss the orc wizard.
The orc wizard is almost dead.
The orc wizard gestures wildly while chanting.
The orc wizard flickers and vanishes!
Deactivating autopickup; reactivate with Ctrl-A.
You hit something but do no damage. Your headbutt misses something.
Something hits you but does no damage.
The orc priest calls down the wrath of Beogh upon you.
Beogh smites you!
You die...

.S..####.#.###..
#....#....... #
##...o#...# #
#..o.o....# #
#.....##o.# # ..§§...
#o.# # ≈§≈≈≈≈. #.†#
######## # ≈§§§§§§
#.†####......########
≈≈§>§§§
#.o{@........'.......
≈≈_§§§
##J####......########
≈≈≈ #.# #......# #.#
#......# #.# #......#
..# #......# ..#
#......# ..# ########


You could see an orc priest and an endoplasm.

Vanquished Creatures
  Crazy Yiuf (D:2)
  An orc wizard (D:3)
  6 adders
  A dart slug (D:2)
  3 orcs (D:3)
  2 bats (D:2)
  8 endoplasms
  6 giant cockroaches
  8 goblins
  6 hobgoblins
  4 kobolds
  A quokka (D:1)
  3 ball pythons
  A rat (D:2)
51 creatures vanquished.

Vanquished Creatures (others)
  3 plants (D:2)
3 creatures vanquished.

Grand Total: 54 creatures vanquished

Notes
Turn   | Place    | Note
-------+----------+-------------------------------------------
     0 | Abyss:1  | hquester the Demonspawn Abyssal Knight began the quest for
                  | the Orb.
     0 | Abyss:1  | Reached XP level 1. HP: 18/18 MP: 2/2
    49 | Abyss:1  | Noticed a starcursed mass
    50 | D:1      | Escaped the Abyss
   144 | D:1      | Reached skill level 1 in Dodging
   423 | D:1      | Gained mutation: Spells you cast may paralyse adjacent
                  | enemies. [demonic ancestry]
   423 | D:1      | Reached XP level 2. HP: 21/24 MP: 4/4
  1303 | D:1      | Gained mutation: You have a pair of small horns on your
                  | head. [demonic ancestry]
  1303 | D:1      | Reached XP level 3. HP: 20/29 MP: 5/5
  1314 | D:2      | Reached ** piety under Lugonu
  1723 | D:2      | Gained mutation: You regenerate magic rapidly. [demonic
                  | ancestry]
  1723 | D:2      | Reached XP level 4. HP: 35/35 MP: 6/6
  1725 | D:2      | Found a faded altar of an unknown god.
  2142 | D:2      | Found a runed translucent door.
  2143 | D:2      | Noticed Crazy Yiuf
  2298 | D:2      | Killed Crazy Yiuf
  2691 | D:3      | Reached XP level 5. HP: 41/41 MP: 7/7
  2693 | D:3      | Reached skill level 1 in Hexes
  2697 | D:3      | Found an opulent altar of Gozag.
  2731 | D:3      | Reached skill level 1 in Spellcasting
  2755 | D:3      | Killed from afar by an orc priest

Illustrated notes

Levels and vault maps discovered:
D:1:      saegor_arrival_simple_a, layout_basic, serial_forest,
          infiniplex_forest_corner_1, infiniplex_forest_straight_3,
          infiniplex_forest_side_room, infiniplex_forest_end_1,
          infiniplex_forest_lined_1, infiniplex_forest_clump_diagonal
D:2:      layout_rooms, serial_forest, infiniplex_forest_clump_long,
          infiniplex_forest_lined_3_way, infiniplex_forest_zigzag_1,
          infiniplex_forest_zigzag_1, infiniplex_forest_straight_1,
          infiniplex_forest_lined_room_3, infiniplex_forest_fountain,
          infiniplex_forest_clump_cross, ebering_ecumenical_altar_hall,
          minmay_misc_feat_alley, uniq_crazy_yiuf_cottage
D:3:      layout_basic, vehumet_statue, general_overflow_altar

Skill      XL: |  1  2  3  4  5 |
---------------+----------------+-----
Dodging        | 1 2 |  2.0
Short Blades   | 2 |  2.6
Armour         | 2 |  2.5
Invocations    | 3 |  3.3
Hexes          | 1 |  1.1
Spellcasting   | 1 |  1.0
Fighting       | |  3.6
Stealth        | |  0.8

Action                   |  1- 3 |  4- 6 || total
-------------------------+-------+-------++-------
Melee: Short sword       |   127 |    85 ||   212
       Headbutt          |     8 |    18 ||    26
       Dagger            |       |     4 ||     4
       Punch             |       |     1 ||     1
Invok: Depart the Abyss  |     1 |       ||     1
  Use: Scroll            |     3 |     1 ||     4
       Potion            |       |     4 ||     4
 Stab: Invisible         |       |     1 ||     1
Armor: Leather armour    |    42 |    27 ||    69
Dodge: Dodged            |    82 |    33 ||   115

Table legend: (Time is in decaauts)
 A = Elapsed time spent in this place.
 B = Non-inter-level travel time spent in this place.
 C = Inter-level travel time spent in this place.
 D = Time resting spent in this place.
 E = Time spent auto-exploring this place.
 F = Levels seen in this place.
 G = Mean time per level.
                   A        B        C        D        E       F      G
               +--------+--------+--------+--------+--------+-----+--------+
         Total |   2753 |   2693 |     60 |      0 |   2155 |   4 |  688.2 |
       Dungeon |   2703 |   2643 |     60 |      0 |   2106 |   3 |  901.0 |
         Abyss |     50 |     50 |      0 |      0 |     49 |   1 |   50.0 |
               +--------+--------+--------+--------+--------+-----+--------+

Top non-repeatable levels by time:
     D:2: 1317 daAuts
     D:1: 1251 daAuts
     D:3: 134 daAuts
 Abyss:1: 50 daAuts
